 Dungeon Crawl Stone Soup version 0.23-a0-57-gd13e5294dc (webtiles) character file.

7591 wisprabbit the Sneak (level 11, -1/89 HPs)
             Began as a Ghoul Warper on Aug 6, 2018.
             Was a Priest of Okawaru.
             Slain by a porcupine (13 damage)
             ... on level 1 of the Lair of Beasts on Jan 8, 2022.
             The game lasted 03:32:19 (12874 turns).

wisprabbit the Sneak (Ghoul Warper)                Turns: 12874, Time: 03:32:21

Health: -1/89      AC: 12    Str: 16    XL:     11   Next: 17%
Magic:  15/15      EV: 12    Int:  9    God:    Okawaru [***...]
Gold:   470        SH:  0    Dex: 10    Spells: 3/17 levels left

rFire    . . .     SeeInvis .   a - +0 short sword (venom)
rCold    + + .     Gourm    .   (no shield)
rNeg     + + +     Faith    .   v - +2 ring mail {rC+}
rPois    ∞         Spirit   .   U - +2 helmet
rElec    .         Reflect  .   (no cloak)
rCorr    .         Harm     .   z - +0 pair of gloves
MR       .....                  (no boots)
Stlth    +++.......             Q - amulet of magic regeneration
HPRegen  0.00/turn              (no ring)
MPRegen  0.39/turn              (no ring)

@: rotting
A: rotting body, claws 1, carnivore, cold resistance 1, negative energy
resistance 3, inhibited regeneration, torment resistance, unbreathing
a: Heroism, Renounce Religion


You were on level 1 of the Lair of Beasts.
You worshipped Okawaru.
Okawaru was most pleased with you.
You were not hungry.

You visited 3 branches of the dungeon, and saw 13 of its levels.
You also visited: Ossuary.

You collected 470 gold pieces.

Inventory:

Hand Weapons
 a - a +0 short sword of venom (weapon)
 b - a +0 fustibalus
 c - a +0 falchion of flaming
 W - a +3 shortbow of velocity
Missiles
 d - 4 tomahawks of dispersal
 h - 240 arrows
 n - 217 stones (quivered)
 w - 6 javelins
 y - 49 sling bullets
Armour
 v - a +2 ring mail of cold resistance (worn)
 z - a +0 pair of gloves (worn)
 U - a +2 helmet (worn)
Jewellery
 F - an uncursed amulet of faith
 Q - an amulet of magic regeneration (around neck)
Wands
 l - a wand of polymorph (8)
 o - a wand of digging (11)
 B - a wand of enslavement (9)
 T - a wand of flame (64)
Scrolls
 g - a scroll of holy word {unknown}
 i - a scroll of enchant armour
 j - 2 scrolls of amnesia
 m - 11 scrolls of remove curse
 u - a scroll of fear
 x - a scroll of blinking
 D - a scroll of immolation
 E - a scroll of fog
 G - a scroll of magic mapping
 N - 2 scrolls of identify
Potions
 e - 2 potions of magic
 k - a potion of cancellation
 p - 2 potions of curing
 q - a potion of agility
 t - a potion of flight
 I - a potion of ambrosia
 J - a potion of brilliance
 K - 2 potions of resistance
 V - a potion of invisibility
Comestibles
 f - 15 rations


   Skills:
 + Level 5.9 Fighting
 + Level 4.9(5.0) Short Blades
 + Level 1.3(3.3) Long Blades
 * Level 7.5(7.6) Slings
 + Level 1.6(5.0) Throwing
 + Level 4.4 Armour
 + Level 4.1 Dodging
 * Level 7.8 Stealth
 + Level 2.9 Unarmed Combat
 + Level 3.6 Spellcasting
 + Level 1.8 Charms
 * Level 6.5 Translocations
 + Level 1.9 Invocations


You had 3 spell levels left.
You knew the following spells:

 Your Spells              Type           Power        Failure   Level  Hunger
a - Blink                 Tloc           N/A          5%          2    ###....
b - Shroud of Golubria    Chrm/Tloc      #.........   14%         2    ###....
c - Teleport Other        Tloc           ##......     11%         3    ###....
d - Gell's Gravitas       Tloc           ##........   11%         3    ###....
e - Passage of Golubria   Tloc           N/A          34%         4    #####..

Your spell library contained the following spells:

 Spells                   Type           Power        Failure   Level  Hunger
 Fireball                 Conj/Fire      #.........   100%        5    ######.
 Conjure Flame            Conj/Fire      #.......     83%         3    ###....
 Throw Flame              Conj/Fire      #.....       61%         2    ###....
 Sticky Flame             Conj/Fire      #.......     99%         4    #####..
 Flame Tongue             Conj/Fire      #....        45%         1    #......
 Inner Flame              Hex/Fire       #.......     83%         3    ###....
 Lesser Beckoning         Tloc           ##........   11%         3    ###....


Dungeon Overview and Level Annotations

Branches:
Dungeon (11/15)            Temple (1/1) D:4            Lair (1/6) D:9
    Orc (0/2) D:10

Altars:
Ashenzari
Cheibriados
Dithmenos
Elyvilon
Fedhas
Gozag
Hepliaklqana
Kikubaaqudgha
Makhleb
Nemelex Xobeh
Okawaru
Qazlal
Ru
Sif Muna
Trog
Uskayaw
Vehumet
Wu Jian
Xom
Yredelemnul
Zin
The Shining One

Shops:
D:10 [

Annotations:
D:8 exclusion: hydra
D:9 3 runed doors, kroki's ghost, journeyman DDFi
Lair:1 exclusion: hydra


Innate Abilities, Weirdness & Mutations

Your body is rotting away.
You thrive on raw meat.
You are immune to poison.
You have sharp fingernails.
You are carnivorous and can eat meat at any time.
Your flesh is cold resistant. (rC+)
You are immune to negative energy. (rN+++)
You do not regenerate when monsters are visible.
You are immune to unholy pain and torment.
You can survive without breathing.


Message History

The rime drake is moderately wounded.
The porcupine bites you.
* * * LOW HITPOINT WARNING * * *
The rime drake breathes ice at you. The flash freeze misses you.
You hit the rime drake.
The rime drake looks as sick as possible!
Your punch misses the rime drake.
The rime drake is heavily wounded.
The porcupine misses you. The rime drake completely misses you.
You hit the rime drake.
The rime drake is severely wounded.
The porcupine closely misses you.
The rime drake bites you but does no damage.
You completely miss the rime drake.
The rime drake is severely wounded.
The porcupine bites you!
Incompatible bones file: /crawl-master/crawl-git/saves/bones/bones.store.Lair-1 Clearing bad ghost permastore: /crawl-master/crawl-git/saves/bones/bones.store.Lair-1 You die...

#. ##+ ..# #... ##.##
#...8 PP #...##.....
.). #...#..8..> ...#
#.......... ....##
#........8 ..t...
#$@r........#!.
...P..##.k8..#.....#.
............#...8...#
.....#......# ......#
#.#P..#.....# ....# .
###.#.+#+## ...# #..
##...#.# #+..##....
##### #.....#
#.#.....# #...#
#####.####.......#


You could see a rime drake and a porcupine.

Vanquished Creatures
  2 spiny frogs
  A hippogriff (Lair:1)
  2 wyverns (D:9)
  2 hungry ghosts (D:8)
  Menkaure (D:7)
  2 water moccasins
  4 porcupines
  4 ice beasts
  4 phantoms
  2 black bears
  5 sky beasts
  3 ogres
  4 centaurs
  3 crocodiles
  2 elf zombies (Ossuary)
  11 bullfrogs
  A water moccasin skeleton (D:9)
  5 wights (D:10)
  9 killer bees
  3 howler monkeys
  2 centaur zombies
  2 crimson imps
  2 quasits (D:7)
  3 hounds
  A human zombie (Ossuary)
  A jelly (D:8)
  4 orc priests (D:9)
  A gnoll shaman (D:6)
  A centaur skeleton (D:9)
  A bullfrog skeleton (D:5)
  4 iguanas
  11 orc wizards
  4 worker ants
  2 hound zombies (Ossuary)
  A hound skeleton (D:4)
  3 mummies (Ossuary)
  3 worker ant zombies
  11 gnolls
  A howler monkey skeleton (D:4)
  8 adders
  A shadow imp (D:5)
  An ooze (D:7)
  3 adder zombies (Ossuary)
  An adder skeleton (D:9)
  2 dart slugs
  3 leopard geckos
  28 orcs
  2 ball pythons
  3 giant cockroaches
  4 goblins
  5 hobgoblins
  8 jackals
  8 quokkas
  9 bats
  2 frilled lizards (D:1)
  A giant cockroach zombie (D:5)
  5 goblin zombies (Ossuary)
  5 hobgoblin zombies (Ossuary)
  3 jackal zombies (Ossuary)
  12 kobolds
  A kobold zombie (Ossuary)
  A leopard gecko skeleton (D:6)
  A leopard gecko zombie (D:5)
  3 orc zombies (Ossuary)
  7 quokka zombies
  13 rats
  5 rat zombies (Ossuary)
  A fungus (D:9)
  2 plants (D:9)
276 creatures vanquished.

Vanquished Creatures (others)
  44 fungi (D:9)
  27 plants (D:9)
71 creatures vanquished.

Grand Total: 347 creatures vanquished

Notes
Turn   | Place    | Note
-------+----------+-------------------------------------------
     0 | D:1      | wisprabbit the Ghoul Warper began the quest for the Orb.
     0 | D:1      | Reached XP level 1. HP: 17/17 MP: 2/2
   114 | D:1      | Reached skill level 1 in Armour
   229 | D:1      | Reached XP level 2. HP: 24/24 MP: 3/3
   286 | D:1      | Learned a level 2 spell: Blink
   289 | D:1      | Learned a level 2 spell: Shroud of Golubria
   393 | D:1      | Found a glowing golden altar of the Shining One.
   667 | D:2      | Reached XP level 3. HP: 29/30 MP: 2/5
   972 | D:2      | Reached skill level 1 in Stealth
  1207 | D:2      | Reached XP level 4. HP: 37/37 MP: 3/6
  1232 | D:2      | Reached skill level 1 in Slings
  1597 | D:3      | Reached skill level 1 in Short Blades
  1608 | D:3      | Reached XP level 5. HP: 41/44 MP: 5/7
  2098 | D:4      | Found a sand-covered staircase.
  2207 | Ossuary  | Entered an ossuary
  2336 | Ossuary  | Reached skill level 1 in Throwing
  2336 | Ossuary  | Reached XP level 6. HP: 27/51 MP: 6/8
  2399 | Ossuary  | Reached skill level 1 in Long Blades
  3146 | Ossuary  | Reached XP level 7. HP: 44/55 MP: 9/9
  3355 | D:4      | Learned a level 3 spell: Teleport Other
  4045 | D:4      | Found a staircase to the Ecumenical Temple.
  4140 | Temple   | Entered the Ecumenical Temple
  4251 | Temple   | Became a worshipper of Warmaster Okawaru
  4409 | D:5      | Entered Level 5 of the Dungeon
  4582 | D:5      | Reached XP level 8. HP: 66/66 MP: 6/10
  5591 | D:6      | Reached * piety under Okawaru
  5936 | D:6      | Reached skill level 5 in Slings
  6071 | D:7      | Found a white marble altar of Elyvilon.
  6195 | D:7      | Reached XP level 9. HP: 52/70 MP: 11/11
  6493 | D:7      | Found a shadowy altar of Dithmenos.
  6502 | D:7      | Noticed Menkaure
  6516 | D:7      | Killed Menkaure
  6644 | D:7      | Reached skill level 5 in Stealth
  7016 | D:6      | Reached skill level 5 in Translocations
  7366 | D:8      | Reached skill level 1 in Charms
  7377 | D:8      | Noticed an eight-headed hydra
  7633 | D:8      | Upgraded the game from 0.23-a0-49-gd9f7a49668 to 0.23-a0-54-gae6112e33f
  7832 | D:9      | Found a runed gate.
  7832 | D:9      | Found a runed gate.
  7832 | D:9      | Found a runed gate.
  7841 | D:9      | Noticed kroki's ghost (journeyman DDFi)
  8562 | D:9      | Reached XP level 10. HP: 80/80 MP: 13/13
  8602 | D:9      | Reached ** piety under Okawaru
  8602 | D:9      | Reached skill level 1 in Invocations
  8696 | D:9      | Learned a level 3 spell: Gell's Gravitas
  8701 | D:9      | Learned a level 4 spell: Passage of Golubria
  8810 | D:9      | Reached skill level 5 in Fighting
  9452 | D:9      | Found a staircase to the Lair.
  9702 | D:10     | Entered Level 10 of the Dungeon
  9702 | D:10     | Found a staircase to the Orcish Mines.
 10368 | D:10     | Noticed a gargoyle
 10458 | D:9      | Reached *** piety under Okawaru
 10540 | D:9      | Upgraded the game from 0.23-a0-54-gae6112e33f to 0.23-a0-57-gd13e5294dc
 10580 | Lair:1   | Entered Level 1 of the Lair of Beasts
 10580 | Lair:1   | Noticed a spiny frog
 11020 | D:10     | Found Binto's Antique Armour Shop.
 11389 | D:11     | Noticed a two-headed ogre
 11420 | D:11     | Noticed a death knight
 11420 | D:11     | Noticed a skeletal warrior
 12237 | D:9      | Killed a spiny frog
 12237 | D:9      | Reached XP level 11. HP: 85/85 MP: 6/15
 12803 | Lair:1   | Noticed a six-headed hydra
 12874 | Lair:1   | Slain by a porcupine

Vault maps used:
D:1:      ncdulo_smallfort, minmay_misc_feat_plants, tso_altar
D:2:      kennysheep_nub, minmay_joined_circles
D:3:      first_ration
D:4:      minmay_temple_entry_statues, nicolae_ossuary_entry_ruins, st_stairs_10
D:5:      serial_shops, nicolae_shop_behind_doors, uniq_pikel
D:7:      lemuel_crystal_altar, nicolae_dithmenos_shadow_blocks, uniq_menkaure
D:8:      uniq_prince_ribbit1
D:9:      due_lair_maze_entry_diamond, ebering_ghost_rock_garden,
          minmay_misc_feat_pillars
D:10:     orc_0_dummy, serial_shops, kennysheep_mini_moat
D:11:     enter_bailey_7, uniq_josephine
Temple:   kilobyte_greek_temple
Lair:1:   ebering_ghost_disaster_area, minmay_lair_oklob_bushes,
          grunt_megastairs_3, uniq_urug
Ossuary:  minmay_ossuary_two_tombs

Skill      XL: |  1  2  3  4  5  6  7  8  9 10 |
---------------+-------------------------------+-----
Armour         | 1 2 3 4 |  4.4
Spellcasting   | 2 3 |  3.6
Stealth        | 1 2 3 4 6 7 |  7.8
Slings         | 1 2 3 5 6 7 |  7.5
Short Blades   | 1 2 3 4 |  4.9
Fighting       | 3 4 5 |  5.9
Throwing       | 1 |  1.6
Translocations | 3 4 5 6 |  6.5
Long Blades    | 1 |  1.3
Dodging        | 2 3 4 |  4.1
Charms         | 1 |  1.8
Invocations    | 1 |  1.9
Unarmed Combat | |  2.9

Action                   |  1- 3 |  4- 6 |  7- 9 | 10-12 || total
-------------------------+-------+-------+-------+-------++-------
Melee: Unarmed           |    62 |       |       |       ||    62
       Short sword       |    50 |    96 |   448 |   420 ||  1014
       Punch             |     1 |     5 |     3 |     9 ||    18
       Falchion          |       |   144 |     5 |       ||   149
 Fire: Hunting sling     |    25 |    11 |       |       ||    36
       Fustibalus        |       |    69 |   198 |   117 ||   384
Throw: Tomahawk          |     1 |       |     5 |       ||     6
       Stone             |    12 |    12 |    10 |    35 ||    69
       Javelin           |       |       |    14 |     6 ||    20
 Cast: Shroud of Golubri |     2 |     5 |    32 |    25 ||    64
       Blink             |       |       |     6 |     6 ||    12
       Teleport Other    |       |       |     2 |     2 ||     4
       Gell's Gravitas   |       |       |       |     1 ||     1
Invok: Heroism           |       |       |    18 |    19 ||    37
Evoke: Wand              |       |       |       |     1 ||     1
  Use: Scroll            |     5 |     7 |    10 |     4 ||    26
       Potion            |       |     1 |     4 |     2 ||     7
 Stab: Sleeping          |       |       |     2 |     1 ||     3
  Eat: Chunk             |     8 |    11 |    31 |    24 ||    74
       Ration            |       |       |     1 |     1 ||     2
Armor: Leather armour    |    21 |       |       |       ||    21
       Ring mail         |    18 |    93 |   192 |   166 ||   469
Dodge: Dodged            |    52 |   127 |   279 |   240 ||   698
       Rpst.: Falchion   |       |    23 |       |       ||    23

Table legend:
 A = Spawn XP
 B = Non-spawn XP
 C = Spawn XP percentage of total XP
 D = Spawn monster count
 E = Non-spawn monster count
 F = Spawn count percentage of total count
 G = Total turns spent on level
                    A         B        C        D         E        F      G
               +---------+---------+-------+---------+---------+-------+---------
         Total |       0 |   10845 |   0.0 |       0 |     273 |   0.0 | 12874
               +---------+---------+-------+---------+---------+-------+---------
           D:1 |       0 |      27 |   0.0 |       0 |      19 |   0.0 |   640
           D:2 |       0 |      93 |   0.0 |       0 |      35 |   0.0 |   782
           D:3 |       0 |      79 |   0.0 |       0 |      20 |   0.0 |   668
           D:4 |       0 |     386 |   0.0 |       0 |      17 |   0.0 |  1351
           D:5 |       0 |     680 |   0.0 |       0 |      26 |   0.0 |   897
           D:6 |       0 |    1067 |   0.0 |       0 |      20 |   0.0 |   772
           D:7 |       0 |     721 |   0.0 |       0 |      10 |   0.0 |   909
           D:8 |       0 |     793 |   0.0 |       0 |       7 |   0.0 |   903
           D:9 |       0 |    3968 |   0.0 |       0 |      53 |   0.0 |  2308
          D:10 |       0 |    1364 |   0.0 |       0 |      19 |   0.0 |  1924
        Lair:1 |       0 |    1248 |   0.0 |       0 |       7 |   0.0 |   492
       Ossuary |       0 |     419 |   0.0 |       0 |      40 |   0.0 |  1067
               +---------+---------+-------+---------+---------+-------+---------
